Unix NetHack Version 3.7.0-97 Work-in-progress - last build Feb 8 2024 15:05:57 (6d6cdf8371b60126770a3d7b88910941cb14a054,branch:master). Game began 2024-02-27 10:37:29, ended 2024-02-27 10:45:30. sopa, chaotic male elven Wizard --------- |(?)/*(.| |%%?%[m@| |)[$[%@.- |%%[/?=.| |*!/??%.| --------- Sopa the Evoker St:12 Dx:10 Co:14 In:17 Wi:13 Ch:10 Chaotic S:302 Dlvl:5 $:26 HP:0(11) Pw:9(9) AC:6 Xp:1/19 T:982 Latest messages: The statue shatters. You see here 45 rocks. You descend the stairs. You climb up the stairs. Where do you want to travel to? (For instructions type a '?') You hear someone counting gold coins. The jackal bites! Keriat bites the jackal. The jackal is killed! There is a broken door here. You see here a jackal corpse. The jackal bites! You kill the jackal! There is a jackal corpse here; eat it? [ynq] (n) This jackal corpse tastes okay. You finish eating the jackal corpse. You miss the lichen. You kill the lichen! Where do you want to travel to? (For instructions type a '?') You descend the stairs. You swap places with Keriat. x - a scroll of identify. You see here a whistle. What do you want to read? [ik-mpx or ?*] As you read the scroll, it disappears. r - 2 blessed potions of healing. The door opens. You swap places with Keriat. The door resists! The door opens. You hear some noises. You hear some noises in the distance. The door opens. Suddenly, Keriat falls through a trap door. A trap door opens up under you! You fall down a shaft! "Hello, sopa! Welcome to Hebiwerie's general store!" You see here a diamond ring (for sale, 200 zorkmids). You see here 2 oranges (for sale, 24 zorkmids). You see here a scroll labeled GARVEN DEH (for sale, 133 zorkmids). You see here a diamond ring (for sale, 200 zorkmids). You do not owe Hebiwerie anything. You do not owe Hebiwerie anything. Wait! That's a small mimic! The small mimic hits! You die... Hebiwerie gratefully inherits all your possessions. Do you want to see what you had when you died? [ynq] (y) Inventory: Coins $ - 26 gold pieces Weapons a - a blessed +1 quarterstaff (weapon in hands) Armor b - a blessed +0 cloak of magic resistance (being worn) u - an uncursed +0 studded leather armor (being worn) Comestibles v - an uncursed food ration Scrolls i - an uncursed scroll of enchant weapon k - an uncursed scroll of light p - an uncursed scroll of remove curse Spellbooks m - an uncursed spellbook of confuse monster l - a blessed spellbook of force bolt Potions s - an uncursed potion of extra healing f - 2 uncursed potions of gain ability r - 2 blessed potions of healing g - an uncursed potion of monster detection h - an uncursed potion of water Rings t - an uncursed ring of fire resistance e - an uncursed ring of polymorph control (on right hand) d - an uncursed ring of shock resistance (on left hand) Wands c - a wand of slow monster (0:5) Tools o - an uncursed bell n - a magic marker (0:19) w - a cursed skeleton key Sopa the Wizard's attributes: Background: You were an Evoker, a level 1 male elven Wizard. You were chaotic, on a mission for Anhur who was opposed by Ptah (lawful) and Thoth (neutral). You were right-handed. You were in the Dungeons of Doom, on level 5. You entered the dungeon 982 turns ago. You had 19 experience points, 1 more was needed to attain level 2. Your score was 302 before end-of-game adjustments. Basics: You had 0 out of 11 hit points. You had all 9 energy points (spell power). Your armor class was 6. Your wallet contained 26 zorkmids. Autopickup was on, but temporarily disabled while inside the shop. Final Characteristics: Your strength was 12 (limit:18). Your dexterity was 10 (limit:18). Your constitution was 14 (limit:16). Your intelligence was 17 (limit:20). Your wisdom was 13 (limit:20). Your charisma was 10 (limit:18). Final Status: You weren't hungry. You were unencumbered. You were wielding a quarterstaff. You had basic skill with quarterstaff. Final Attributes: You were devoutly aligned. You were magic-protected. You were shock resistant. Your items were protected from electric shocks. You had infravision. You were warded. You had polymorph control. You are dead. Miscellaneous: You never encountered a bones level. Total elapsed playing time was 8 minutes and 1 second. Major events: Turn 1: sopa the chaotic male elven Wizard entered the dungeon 779: entered the Gnomish Mines 982: killed by a small mimic Vanquished creatures: a gnome zombie 4 jackals 2 goblins 3 grid bugs 3 lichens 2 newts 15 creatures vanquished. No species were genocided or became extinct. Voluntary challenges: You were an atheist. You read items or engraved 2 times. You never engraved Elbereth. You never genocided any monsters. You never polymorphed an object. You never changed form. You used no wishes. Achievements: You entered the Gnomish Mines. You entered a shop. The Dungeons of Doom: levels 1 to 5 Level 1: Some fountains, a grave. Level 2: Stairs down to The Gnomish Mines. Level 3: Level 5: <- You were here. A general store. Final resting place for you, killed by a small mimic. The Gnomish Mines: Level 3: Game over: ---------- / \ / REST \ / IN \ / PEACE \ / \ | sopa | | 0 Au | | killed by a | | small mimic | | | | | | 2024 | *| * * * | * _________)/\\_//(\/(/\)/\//\/|_)_______ Goodbye sopa the Wizard... You died in The Dungeons of Doom on dungeon level 5 with 276 points, and 0 pieces of gold, after 982 moves. You were level 1 with a maximum of 11 hit points when you died.